 Dungeon Crawl Stone Soup version 0.22-a0-402-ga933591907 (webtiles) character file.

4356 PikkenKukken the Ruffian (level 10, -11/96 HPs)
             Began as a Troll Monk on May 6, 2018.
             Was a Believer of Kikubaaqudgha.
             Mangled by an elephant (16 damage)
             ... on level 8 of the Dungeon.
             The game lasted 00:39:28 (7681 turns).

PikkenKukken the Ruffian (Troll Monk)               Turns: 7681, Time: 00:39:29

Health: -11/96     AC:  8    Str: 21    XL:     10   Next: 12%
Magic:  11/11      EV:  9    Int:  6    God:    Kikubaaqudgha [**....]
Gold:   123        SH:  8    Dex: 15    Spells: 11/12 levels left

rFire    . . .     SeeInvis .     - Unarmed
rCold    . . .     Gourm    +   a - +0 shield
rNeg     . . .     Faith    .   d - +0 troll leather armour
rPois    .         Spirit   .   q - +1 hat
rElec    .         Reflect  .   (no cloak)
rCorr    .         Harm     .   (gloves unavailable)
MR       .....                  (boots unavailable)
Stlth    ++........             (no amulet)
HPRegen  1.06/turn              (no ring)
MPRegen  0.12/turn              (no ring)

@: no status effects
A: large, unfitting armour, claws 3, fast metabolism 3, gourmand, regeneration
1, shaggy fur 1, tough skin 2
a: Receive Corpses, Renounce Religion


You were on level 8 of the Dungeon.
You worshipped Kikubaaqudgha.
Kikubaaqudgha was pleased with you.
You were not hungry.

You visited 3 branches of the dungeon, and saw 10 of its levels.

You collected 498 gold pieces.
You spent 375 gold pieces at shops.

Inventory:

Hand Weapons
 b - a +1 hunting sling
Missiles
 e - 247 stones (quivered)
 l - 51 sling bullets
Armour
 a - a +0 shield (worn)
 d - a +0 troll leather armour (worn)
 q - a +1 hat (worn)
 t - a +2 robe
 u - a +2 robe of magic resistance
Jewellery
 f - an uncursed amulet of rage
Scrolls
 g - 7 scrolls of remove curse
 k - 3 scrolls of teleportation
 m - a scroll of fog
 n - a scroll of fear
 p - a scroll of magic mapping
 s - a scroll of enchant weapon
Potions
 c - 3 potions of flight
 h - a potion of degeneration {unknown}
 i - 3 potions of might
 o - a potion of agility
 r - 2 potions of cancellation
 v - a potion of ambrosia {unknown}
 w - 2 potions of lignification {unknown}
 x - a potion of magic {unknown}
Comestibles
 j - 16 rations


   Skills:
 + Level 5.0 Fighting
 + Level 6.8 Slings
 + Level 1.2 Armour
 + Level 4.1 Dodging
 - Level 1.0 Stealth
 + Level 1.0 Shields
 + Level 7.9 Unarmed Combat
 * Level 1.5 Spellcasting
 * Level 2.1 Necromancy


You had 11 spell levels left.
You knew the following spells:

 Your Spells              Type           Power        Failure   Level  Hunger
a - Animate Skeleton      Necr           N/A          75%         1    ##.....


Dungeon Overview and Level Annotations

Branches:
Dungeon (8/15)             Temple (1/1) D:7            Lair (1/6) D:8

Altars:
Ashenzari
Cheibriados
Dithmenos
Elyvilon
Fedhas
Gozag
Hepliaklqana
Kikubaaqudgha
Makhleb
Nemelex Xobeh
Okawaru
Qazlal
Ru
Sif Muna
Trog
Uskayaw
Vehumet
Wu Jian
Xom
Yredelemnul
Zin
The Shining One

Shops:
D:8 [


Innate Abilities, Weirdness & Mutations

You are too large for most types of armour.
You have claws for hands.
Your metabolism is lightning-fast.
You like to eat raw meat.
Your natural rate of healing is unusually fast.
You are covered in fur. (AC +1)
You have very tough skin. (AC +2)


Message History

The elephant is severely wounded.
The elephant tramples you.
* * * LOW HITPOINT WARNING * * *
You hold your ground!
You block the elephant's attack. The elephant tramples you!
* * * LOW HITPOINT WARNING * * *
You hold your ground!
The elephant barely misses you.
You claw the elephant!
The elephant is almost dead.
The elephant barely misses you. The elephant trunk-slaps you.
* * * LOW HITPOINT WARNING * * *
The elephant tramples you!
* * * LOW HITPOINT WARNING * * *
You hold your ground!
The elephant trunk-slaps you but does no damage.
You scratch the elephant.
The elephant is almost dead.
The elephant tramples you!
You die...
Kikubaaqudgha rasps: "You have failed me!
Welcome... death!"

.####+#.......###....#.###......#
................#....#+#''....8..
................##...............
................##.........##....
................##.........##....
...........#...###.......#.......
...........#...# ##..............
...............####.....##.).....
...............#@...........####.
.......#.......#YY...............
.......#.......#.>...............
.########........................
.########........................
#...........................#....
............................#....
...........###..............##...
..........## #..............##...


You could see 2 elephants.

Vanquished Creatures
  Pikel (D:7)
  The ghost of ciphuk the Quickloader, a novice KoHu (D:6)
  An elephant (D:8)
  A hornet (D:8)
  Menkaure (D:6)
  2 soldier ants
  Duvessa (D:6)
  2 slaves (D:7)
  2 sky beasts
  3 ice beasts
  5 ogres
  A centaur (D:5)
  A bullfrog (D:7)
  Dowan (D:6)
  4 scorpions
  5 wights (D:6)
  2 howler monkeys
  3 crimson imps
  2 lava snakes (D:8)
  3 jellies
  4 orc priests
  4 hounds
  2 iguanas
  4 orc wizards
  6 worker ants
  3 gnolls (D:5)
  7 adders
  2 shadow imps
  An ooze (D:3)
  2 worms
  4 dart slugs
  5 leopard geckos
  29 orcs
  6 bats
  4 giant cockroaches
  5 goblins
  5 hobgoblins
  12 jackals
  2 ball pythons (D:3)
  3 frilled lizards
  5 kobolds
  A leopard gecko skeleton (D:6)
  A quokka skeleton (D:2)
  8 rats
167 creatures vanquished.

Notes
Turn   | Place    | Note
-------+----------+-------------------------------------------
     0 | D:1      | PikkenKukken the Troll Monk began the quest for the Orb.
     0 | D:1      | Reached XP level 1. HP: 22/22 MP: 0/0
   364 | D:1      | Reached XP level 2. HP: 29/29 MP: 1/1
  1123 | D:2      | Reached XP level 3. HP: 30/36 MP: 2/2
  1639 | D:3      | Reached skill level 4 in Unarmed Combat
  1639 | D:3      | Reached XP level 4. HP: 36/45 MP: 3/3
  1840 | D:3      | Reached XP level 5. HP: 53/53 MP: 4/4
  2385 | D:3      | Reached skill level 1 in Slings
  2485 | D:3      | Found a sacrificial altar of Ru.
  2628 | D:4      | Noticed an ogre
  2637 | D:4      | Killed an ogre
  2637 | D:4      | Reached skill level 5 in Unarmed Combat
  2637 | D:4      | Reached XP level 6. HP: 52/61 MP: 5/5
  2797 | D:4      | Reached XP level 7. HP: 65/67 MP: 6/6
  3653 | D:5      | Entered Level 5 of the Dungeon
  3954 | D:5      | Reached XP level 8. HP: 64/78 MP: 7/7
  4303 | D:5      | Reached skill level 6 in Unarmed Combat
  4889 | D:6      | Found a burning altar of Makhleb.
  4892 | D:6      | Found a hazy altar of Hepliaklqana.
  4918 | D:6      | Found a deep blue altar of Sif Muna.
  4926 | D:6      | Reached skill level 5 in Slings
  4977 | D:6      | Found a basalt altar of Yredelemnul.
  5023 | D:6      | Noticed ciphuk's ghost (novice KoHu)
  5025 | D:6      | Noticed Menkaure
  5088 | D:6      | Killed ciphuk's ghost
  5198 | D:6      | Killed Menkaure
  5260 | D:6      | Reached XP level 9. HP: 78/84 MP: 8/8
  5420 | D:6      | Noticed Duvessa
  5427 | D:6      | Noticed Dowan
  5430 | D:6      | Killed Duvessa
  5454 | D:6      | Killed Dowan
  5454 | D:6      | Reached skill level 7 in Unarmed Combat
  5734 | D:7      | Got a jewelled whip
  5739 | D:7      | Identified the cursed +1 whip "Mupop" {drain, rPois} (You found it on level 7 of the Dungeon)
  6080 | D:7      | Found a staircase to the Ecumenical Temple.
  6089 | Temple   | Entered the Ecumenical Temple
  6257 | Temple   | Became a worshipper of Kikubaaqudgha
  6257 | Temple   | Reached * piety under Kikubaaqudgha
  6257 | Temple   | Identified Kikubaaqudgha's Collected Works on Dark Rites (Kikubaaqudgha gifted it to you in the Ecumenical Temple)
  6257 | Temple   | Received a gift from Kikubaaqudgha
  6257 | Temple   | Reached ** piety under Kikubaaqudgha
  6264 | Temple   | Learned a level 1 spell: Animate Skeleton
  6750 | D:8      | Paralysed by a hornet for 1 turns
  6760 | D:8      | Reached skill level 1 in Necromancy
  6941 | D:8      | Reached skill level 1 in Spellcasting
  7050 | D:8      | Found Muhyjou's Antique Armour Boutique.
  7059 | D:8      | Bought a troll leather armour for 375 gold pieces
  7081 | D:8      | Found a staircase to the Lair.
  7116 | D:8      | Noticed Pikel
  7173 | D:7      | Killed Pikel
  7173 | D:7      | Reached skill level 5 in Fighting
  7173 | D:7      | Reached XP level 10. HP: 77/96 MP: 9/11
  7619 | Lair:1   | Entered Level 1 of the Lair of Beasts
  7620 | Lair:1   | Noticed an elephant
  7625 | Lair:1   | Noticed an elephant
  7625 | Lair:1   | Noticed an elephant
  7626 | Lair:1   | Noticed an elephant
  7644 | D:8      | Killed an elephant
  7644 | D:8      | Reached skill level 1 in Armour
  7644 | D:8      | Reached skill level 1 in Shields
  7681 | D:8      | Mangled by an elephant

Vault maps used:
D:1:      lemuel_arrival_funnel
D:2:      minivault_14
D:3:      cheibrodos_old_hovel, first_ration, nicolae_ru_path_of_blood
D:6:      grunt_temple_overflow_cloverleaf, uniq_duvessa, uniq_menkaure
D:7:      minmay_temple_entry_poolview
D:8:      lair_entry_dummy, serial_shops, nicolae_shop_statue_plus,
          hangedman_pestilent_swarm, kennysheep_crisscross, uniq_pikel
Temple:   dpeg_five_rooms_temple

Skill      XL: |  1  2  3  4  5  6  7  8  9 10 |
---------------+-------------------------------+-----
Fighting       | 3 4 5 |  5.0
Unarmed Combat | 4 5 6 7 |  7.9
Dodging        | 3 4 |  4.1
Slings         | 1 2 4 5 6 |  6.8
Necromancy     | 1 2 |  2.1
Spellcasting   | 1 |  1.5
Armour         | 1 |  1.2
Shields        | 1 |  1.0
Stealth        | |  1.0

Action                   |  1- 3 |  4- 6 |  7- 9 | 10-12 || total
-------------------------+-------+-------+-------+-------++-------
Melee: Unarmed           |    68 |    94 |   247 |    41 ||   450
       Punch             |       |     3 |     5 |       ||     8
 Fire: Hunting sling     |       |    38 |   171 |     7 ||   216
 Cast: Animate Skeleton  |       |       |     1 |       ||     1
  Use: Scroll            |     5 |     1 |     6 |     2 ||    14
       Potion            |       |     2 |     6 |       ||     8
 Stab: Sleeping          |     3 |       |     1 |       ||     4
  Eat: Chunk             |    13 |    18 |    36 |     2 ||    69
Armor: Robe              |    24 |    18 |    57 |       ||    99
       Troll leather arm |       |       |    22 |    16 ||    38
Dodge: Dodged            |    27 |    32 |   127 |    17 ||   203
Block: Shield            |       |       |    18 |    15 ||    33

Table legend:
 A = Spawn XP
 B = Non-spawn XP
 C = Spawn XP percentage of total XP
 D = Spawn monster count
 E = Non-spawn monster count
 F = Spawn count percentage of total count
 G = Total turns spent on level
                    A         B        C        D         E        F      G
               +---------+---------+-------+---------+---------+-------+---------
         Total |       0 |    6223 |   0.0 |       0 |     165 |   0.0 |  7681
               +---------+---------+-------+---------+---------+-------+---------
           D:1 |       0 |      27 |   0.0 |       0 |      16 |   0.0 |   851
           D:2 |       0 |      34 |   0.0 |       0 |      13 |   0.0 |   641
           D:3 |       0 |     286 |   0.0 |       0 |      43 |   0.0 |  1126
           D:4 |       0 |    1208 |   0.0 |       0 |      32 |   0.0 |  1342
           D:5 |       0 |     345 |   0.0 |       0 |      16 |   0.0 |   931
           D:6 |       0 |    1413 |   0.0 |       0 |      20 |   0.0 |   760
           D:7 |       0 |    1323 |   0.0 |       0 |      12 |   0.0 |   749
           D:8 |       0 |    1587 |   0.0 |       0 |      13 |   0.0 |  1009
               +---------+---------+-------+---------+---------+-------+---------
